 Dungeon Crawl Stone Soup version 0.30-a0-618-gd6c86c23d0 (webtiles) character file.

Game seed: 12053410076841270642

58 Leeroy the Sneak (level 4, -1/24 HPs)
             Began as a Kobold Enchanter on Jan 9, 2023.
             Slain by an orc priest
             ... wielding a +0 short sword
              (4 damage)
             ... on level 3 of the Dungeon.
             The game lasted 00:01:58 (2041 turns).

Leeroy the Sneak (Kobold Enchanter)                 Turns: 2041, Time: 00:01:59

Health: -1/24      AC:  2    Str:  5    XL:     4   Next: 20%
Magic:  1/7        EV: 15    Int: 16    God:
Gold:   135        SH:  0    Dex: 17    Spells: 5/7 levels left

rFire   . . .      SeeInvis .    a - +1 dagger
rCold   . . .      Faith    .    (no shield)
rNeg    . . .      Spirit   .    b - +0 robe
rPois   .          Reflect  .    (no helmet)
rElec   .          Harm     .    (no cloak)
rCorr   .          Rampage  .    (no gloves)
Will    .....                    (no boots)
Stlth   +++++                    (no amulet)
HPRegen 0.24/turn                (no ring)
MPRegen 0.10/turn                (no ring)

@: very slightly contaminated, invisible
A: small, no large weapons, nightstalker 3
a: no special abilities


You were on level 3 of the Dungeon.
You visited 1 branch of the dungeon, and saw 3 of its levels.

You collected 135 gold pieces.

Inventory:

Hand Weapons
 a - a +1 dagger (weapon)
Armour
 b - a +0 robe (worn)
Scrolls
 d - 5 scrolls of identify {unknown}
 e - a scroll of vulnerability {unknown}
 h - 2 scrolls of poison {unknown}
 i - 3 scrolls of teleportation {unknown}
 l - a scroll of magic mapping {unknown}
Potions
 c - a potion of invisibility
 f - a potion of brilliance {unknown}
 g - 3 potions of heal wounds {unknown}
 j - a potion of flight {unknown}
 k - a potion of curing {unknown}
 m - a potion of might {unknown}


   Skills:
 - Level 1.3 Short Blades
 - Level 2.4 Dodging
 * Level 6.7 Stealth
 - Level 2.1 Spellcasting
 - Level 3.0 Hexes


You had 5 spell levels left.
You knew the following spells:

 Your Spells              Type           Power      Damage    Failure   Level
a - Ensorcelled Hibernat  Hex/Ice        12%        N/A       17%         2

Your spell library contained the following spells:

 Spells                   Type           Power      Damage    Failure   Level
 Confusing Touch          Hex            11%        N/A       19%         3
 Tukima's Dance           Hex            11%        N/A       19%         3
 Dazzling Flash           Conj/Hex       12%        N/A       32%         3


Dungeon Overview and Level Annotations

Branches:
Dungeon (3/15)

Altars:


Innate Abilities, Weirdness & Mutations

You are small and have problems with some larger weapons.
You are completely attuned to the shadows.


Message History

The orc priest invokes the aid of Beogh against you.
Beogh smites you!
Ouch! That really hurt!
* * * LOW HITPOINT WARNING * * *
Casting: Ensorcelled Hibernation (safe; 17% risk of failure)
Confirm with . or Enter, or press ? or * to list all spells.
Aiming: Ensorcelled Hibernation (safe; 17% risk of failure)
Press: ? - help, Shift-Dir - straight line, f - orc
Aim: an orc, wielding a +0 morningstar (chance to affect: 57%)
The orc resists with significant effort.
The orc completely misses you.
Casting: Ensorcelled Hibernation (safe; 17% risk of failure)
Confirm with . or Enter, or press ? or * to list all spells.
Aiming: Ensorcelled Hibernation (safe; 17% risk of failure)
Press: ? - help, Shift-Dir - straight line, f/p - orc
Aim: an orc, wielding a +0 morningstar (chance to affect: 57%)
The orc looks drowsy...
The orc priest miscasts a cantrip.
The helpless orc fails to defend itself.
You impale the orc!!
You kill the orc!
Casting: Ensorcelled Hibernation (safe; 17% risk of failure)
Confirm with . or Enter, or press ? or * to list all spells.
Aiming: Ensorcelled Hibernation (safe; 17% risk of failure)
Press: ? - help, Shift-Dir - straight line, f - orc priest
Aim: an orc priest, wielding a +0 short sword (heavily wounded, chance to affect: 39%)
You miscast Ensorcelled Hibernation.
You are very lightly contaminated with residual magic.
Nothing appears to happen.
The orc priest miscasts a cantrip.
Casting: Ensorcelled Hibernation (safe; 17% risk of failure)
Confirm with . or Enter, or press ? or * to list all spells.
You don't have enough magic to cast this spell.
The orc priest barely misses you.
You fade into invisibility!
The orc priest closely misses you.
You hit the orc priest.
The orc priest is severely wounded.
The orc priest hits you with a +0 short sword.
You die...

#.# #.# #.# ##.###
####.########...(
#..............##########
.........................
#......................##
####.#################.<.
........##.... #.##
.......)@oo# #.#
##########.... #.# .###
..# .# ..# .#


You could see an orc priest (unable to see you) and an orc (unable to see you).

Vanquished Creatures
  An adder (D:2)
  A worm (D:2)
  2 dart slugs (D:1)
  An orc (D:3)
  A ball python (D:2)
  7 bats
  8 endoplasms
  A giant cockroach (D:1)
  A goblin (D:2)
  5 hobgoblins
  A kobold (D:2)
  3 frilled lizards
  7 rats
39 creatures vanquished.

Notes
Turn   | Place    | Note
-------+----------+-------------------------------------------
     0 | D:1      | Leeroy the Kobold Enchanter began the quest for the Orb.
     0 | D:1      | Reached XP level 1. HP: 10/10 MP: 3/3
   218 | D:1      | You fall into a shaft and drop 1 floor!
   308 | D:2      | Reached XP level 2. HP: 15/15 MP: 5/5
   311 | D:2      | Learned a level 2 spell: Ensorcelled Hibernation
   426 | D:1      | Found a faded altar of an unknown god.
   443 | D:1      | Found a faded altar of an unknown god.
   479 | D:1      | Reached skill level 5 in Stealth
   833 | D:1      | Reached XP level 3. HP: 19/19 MP: 6/6
  1225 | D:2      | Reached skill level 6 in Stealth
  1423 | D:2      | Reached XP level 4. HP: 24/24 MP: 7/7
  2041 | D:3      | Slain by an orc priest

Illustrated notes

Levels and vault maps discovered:
D:1:      zaba_arrival_water, layout_basic,
          hellmonk_ecumenical_altar_the_god_not_taken
D:2:      layout_basic, minmay_box_of_dots
D:3:      minmay_razor_zed, layout_basic, uniq_ijyb, uniq_jessica

Skill      XL: |  1  2  3 |
---------------+----------+-----
Stealth        | 5 6 |  6.7
Short Blades   | |  1.3
Dodging        | |  2.4
Spellcasting   | |  2.1
Hexes          | |  3.0

Action                   |  1- 3 |  4- 6 || total
-------------------------+-------+-------++-------
Melee: Dagger            |    61 |    17 ||    78
       Punch             |     3 |     1 ||     4
 Cast: Ensorcelled Hiber |       |     7 ||     7
  Use: Potion            |       |     1 ||     1
 Stab: Sleeping          |    24 |     4 ||    28
       Distracted        |       |     1 ||     1
Armor: Robe              |     7 |     1 ||     8
Dodge: Dodged            |    24 |    14 ||    38

Table legend: (Time is in decaauts)
 A = Elapsed time spent in this place.
 B = Non-inter-level travel time spent in this place.
 C = Inter-level travel time spent in this place.
 D = Time resting spent in this place.
 E = Time spent auto-exploring this place.
 F = Levels seen in this place.
 G = Mean time per level.
                   A        B        C        D        E       F      G
               +--------+--------+--------+--------+--------+-----+--------+
         Total |   2076 |   2032 |     44 |     63 |   1663 |   3 |  692.0 |
       Dungeon |   2076 |   2032 |     44 |     63 |   1663 |   3 |  692.0 |
               +--------+--------+--------+--------+--------+-----+--------+

Top non-repeatable levels by time:
     D:1: 1150 daAuts
     D:2: 879 daAuts
     D:3: 46 daAuts
